 Dungeon Crawl Stone Soup version 0.31-a0-1370-gf52a5a9ab3 (webtiles) character file.

Game seed: 8913535054838262528

778 Sabo the Ducker (level 7, -8/60 HPs)
             Began as a Gnoll Monk on Dec 23, 2023.
             Mangled by an orc warrior
             ... wielding a +0 halberd
              (13 damage)
             ... on level 5 of the Dungeon.
             The game lasted 00:19:34 (4467 turns).

Sabo the Ducker (Gnoll Monk)                        Turns: 4467, Time: 00:19:36

Health: -8/60      AC: 15    Str: 19    XL:     7   Next: 85%
Magic:  11/11      EV: 10    Int:  9    God:
Gold:   102        SH:  0    Dex: 14    Spells: 11/11 levels left

rFire   . . .        A - +0 war axe
rCold   . . .        d - orb {light}
rNeg    . . .        j - +0 chain mail
rPois   .            (no helmet)
rElec   .            r - +0 cloak
rCorr   .            g - +0 pair of gloves
SInv    .            (no boots)
Will    .....        (no amulet) Stlth
                     h - +4 ring of protection
HPRegen 0.30/turn    w - +6 ring of strength
MPRegen 0.12/turn

%: no passive effects
@: glowing
A: fangs 1, strong nose, distributed training
a: no special abilities


You were on level 5 of the Dungeon.
You visited 2 branches of the dungeon, and saw 6 of its levels.

You collected 102 gold pieces.

Inventory:

Hand Weapons
 n - a +0 sling
 p - the +1 hammer of Patterns {heavy, Str+5 Dex-3}
   (You found it on level 2 of the Dungeon)

   Str+5:     It affects your strength (+5).
   Dex-3:     It affects your dexterity (-3).
 q - a +2 quarterstaff of chaos
 A - a +0 war axe (weapon)
Missiles
 v - 3 boomerangs
Armour
 d - an orb of light (worn)
 g - a +0 pair of gloves (worn)
 j - a +0 chain mail (worn)
 r - a +0 cloak (worn)
Jewellery
 h - a +4 ring of protection (left hand)
 w - a +6 ring of strength (right hand)
Wands
 o - a wand of flame (47)
Scrolls
 i - a scroll of teleportation
 k - a scroll of revelation
 l - a scroll of enchant armour {unknown}
 s - a scroll of blinking {unknown}
 t - a scroll of butterflies {unknown}
 x - a scroll of immolation {unknown}
 y - a scroll of amnesia {unknown}
Potions
 a - a potion of magic {unknown}
 b - 2 potions of curing {unknown}
 c - a potion of ambrosia
 e - 2 potions of cancellation {unknown}
 f - 2 potions of brilliance {unknown}
 m - a potion of degeneration {unknown}
 u - a potion of heal wounds {unknown}
 z - a potion of might {unknown}
 B - a potion of enlightenment {unknown}


   Skills:
 + Level 7.2 Fighting
 + Level 2.8 Short Blades
 + Level 2.8 Long Blades
 + Level 7.2 Axes
 + Level 2.8 Maces & Flails
 + Level 2.8 Polearms
 + Level 2.8 Staves
 + Level 2.8 Ranged Weapons
 + Level 2.8 Throwing
 + Level 2.8 Armour
 + Level 7.2 Dodging
 + Level 2.8 Stealth
 + Level 2.8 Shields
 + Level 2.8 Unarmed Combat
 + Level 2.8 Spellcasting
 + Level 2.3 Conjurations
 + Level 2.3 Hexes
 + Level 2.3 Summonings
 + Level 2.3 Necromancy
 + Level 2.3 Translocations
 + Level 2.3 Fire Magic
 + Level 2.3 Ice Magic
 + Level 2.3 Air Magic
 + Level 2.3 Earth Magic
 + Level 2.3 Alchemy
 + Level 3.1 Invocations
 + Level 2.8 Evocations
 + Level 2.6 Shapeshifting


You had 11 spell levels left.
You didn't know any spells.
Your spell library contained the following spells:

 Spells                   Type           Power      Damage    Failure   Level
 Cigotuvi's Dreadful Rot  Necr/Alch/Air  10%        N/A       83%         2
 Animate Dead             Necr           5%         N/A       100%        4
 Dispel Undead            Necr           5%         3d7       100%        4
 Borgnjor's Vile Clutch   Necr/Erth      2%         N/A       100%        5
 Death Channel            Necr           2%         N/A       100%        6


Dungeon Overview and Level Annotations

Branches:
Dungeon (5/15)             Temple (1/1) D:4

Altars:
Dithmenos
Elyvilon
Nemelex Xobeh
Okawaru
Sif Muna
Trog
Uskayaw
Vehumet
Wu Jian

Shops:
D:1 :

Annotations:
D:5 1 transporter, Pokonic1's ghost, amateur GrEE


Innate Abilities, Weirdness & Mutations

You have very sharp teeth.
Your uncanny sense of smell can sniff out nearby items.
Your experience applies equally to all skills.


Message History

The shadow imp hits you.
* * * LOW HITPOINT WARNING * * *
The orc hits you but does no damage.
You hit the orc priest but do no damage.
You closely miss the orc warrior. You hit the orc.
You barely miss the shadow imp.
The orc warrior hits you with a +0 halberd.
* * * LOW HITPOINT WARNING * * *
The orc hits you but does no damage.
The shadow imp hits you but does no damage.
The orc priest hits you but does no damage.
You bump into the rock wall.
The orc priest misses you.
The orc warrior hits you with a +0 halberd.
* * * LOW HITPOINT WARNING * * *
The shadow imp hits you but does no damage.
The orc barely misses you.
You barely miss the orc warrior.
The orc warrior is almost dead.
You barely miss the orc. You barely miss the orc priest.
You closely miss the shadow imp. The orc priest barely misses you.
The orc warrior hits you with a +0 halberd!
* * * LOW HITPOINT WARNING * * *
The shadow imp hits you but does no damage.
The orc completely misses you.
You feel less invigorated.
You feel less confused.
The orc warrior hits you with a +0 halberd.
* * * LOW HITPOINT WARNING * * *
The orc priest calls upon Beogh to heal the orc.
The orc's wounds heal themselves!
The shadow imp closely misses you. The orc hits you but does no damage.
Things that are here:
a +0 dagger; a +0 robe; an orc corpse You hit the orc warrior but do no damage.
The orc warrior is almost dead.
You hit the shadow imp. You hit the orc.
The orc priest calls upon Beogh to heal the orc.
The orc's wounds heal themselves!
The orc warrior hits you with a +0 halberd!
You die...

.# #....######
.... #..<......#
$∆... #..........
#######.........#
©..........#.####
..........#.#
..........#.#
.###.#...#
##@5.#...#
#o.o###.## #o##J#
## #. ..# .. .#..
... ..... .... ##
#.. .#.#. .#
....##


You could see an orc warrior, a jelly, an orc priest, a shadow imp and an orc.

Vanquished Creatures
  The ghost of SecretSquirrel the Ruffian, an amateur DrSh (D:4)
  A sky beast (D:4)
  A jelly (D:4)
  Crazy Yiuf (D:2)
  A hound (D:4)
  3 orc priests
  Jessica (D:2)
  An iguana (D:4)
  Natasha (thrice) (D:2)
  2 orc wizards
  5 adders
  5 dart slugs
  10 orcs
  3 ball pythons
  5 endoplasms
  2 giant cockroaches
  5 goblins
  5 hobgoblins
  2 quokkas
  2 bats (D:2)
  A frilled lizard (D:2)
  4 kobolds
  8 rats
72 creatures vanquished.

Notes
Turn   | Place    | Note
-------+----------+-------------------------------------------
     0 | D:1      | Sabo the Gnoll Monk began the quest for the Orb.
     0 | D:1      | Reached XP level 1. HP: 23/23 MP: 1/1
   240 | D:1      | Reached XP level 2. HP: 29/29 MP: 2/2
   643 | D:1      | Found Caaxzof's Book Shop.
  1085 | D:2      | Noticed Natasha
  1093 | D:2      | Killed Natasha
  1094 | D:2      | Reached skill level 1 in Invocations
  1094 | D:2      | Reached XP level 3. HP: 26/35 MP: 2/4
  1207 | D:2      | Noticed Jessica
  1221 | D:2      | Killed Jessica
  1222 | D:2      | Reached skill level 1 in Short Blades
  1222 | D:2      | Reached skill level 1 in Long Blades
  1222 | D:2      | Reached skill level 1 in Maces & Flails
  1222 | D:2      | Reached skill level 1 in Polearms
  1222 | D:2      | Reached skill level 1 in Staves
  1222 | D:2      | Reached skill level 1 in Ranged Weapons
  1222 | D:2      | Reached skill level 1 in Throwing
  1222 | D:2      | Reached skill level 1 in Armour
  1222 | D:2      | Reached skill level 1 in Stealth
  1222 | D:2      | Reached skill level 1 in Shields
  1222 | D:2      | Reached skill level 1 in Unarmed Combat
  1222 | D:2      | Reached skill level 1 in Spellcasting
  1222 | D:2      | Reached skill level 1 in Evocations
  1222 | D:2      | Reached skill level 1 in Shapeshifting
  1222 | D:2      | Reached XP level 4. HP: 17/41 MP: 5/5
  1449 | D:2      | Noticed Natasha
  1461 | D:2      | Reached skill level 1 in Conjurations
  1461 | D:2      | Reached skill level 1 in Hexes
  1461 | D:2      | Reached skill level 1 in Summonings
  1461 | D:2      | Reached skill level 1 in Necromancy
  1461 | D:2      | Reached skill level 1 in Translocations
  1461 | D:2      | Reached skill level 1 in Fire Magic
  1461 | D:2      | Reached skill level 1 in Ice Magic
  1461 | D:2      | Reached skill level 1 in Air Magic
  1461 | D:2      | Reached skill level 1 in Earth Magic
  1461 | D:2      | Reached skill level 1 in Alchemy
  1467 | D:2      | Killed Natasha
  1623 | D:2      | Noticed Natasha
  1634 | D:2      | Killed Natasha
  1635 | D:2      | Reached XP level 5. HP: 33/47 MP: 7/7
  2101 | D:2      | Found a runed translucent door.
  2102 | D:2      | Noticed Crazy Yiuf
  2120 | D:2      | Killed Crazy Yiuf
  2234 | D:2      | Identified the +1 hammer of Patterns {heavy, Str+5 Dex-3}
  2887 | D:3      | Found an ornate altar of the Wu Jian Council.
  2948 | D:3      | Found an iron altar of Okawaru.
  3195 | D:4      | Noticed a sky beast
  3205 | D:4      | Reached XP level 6. HP: 53/53 MP: 8/8
  3211 | D:4      | Killed a sky beast
  3461 | D:4      | Found a runed translucent door.
  3471 | D:4      | Noticed SecretSquirrel's ghost (amateur DrSh)
  3668 | D:4      | Reached XP level 7. HP: 45/60 MP: 10/10
  3950 | D:4      | Found a staircase to the Ecumenical Temple.
  3957 | Temple   | Entered the Ecumenical Temple
  4314 | D:4      | Killed SecretSquirrel's ghost
  4409 | D:5      | Entered Level 5 of the Dungeon
  4420 | D:5      | Found a transporter.
  4422 | D:5      | Noticed Pokonic1's ghost (amateur GrEE)
  4467 | D:5      | Mangled by an orc warrior

Illustrated notes

Levels and vault maps discovered:
D:1:      onia_arrival_mini_spirals, layout_loops_corners, serial_shops, shop
D:2:      layout_basic, uniq_jessica, uniq_natasha, uniq_crazy_yiuf_cottage
D:3:      layout_loops_ring, lemuel_doored_altar, mainiacjoe_overflow_alcove_1
D:4:      layout_basic, minmay_temple_entry_nine_rooms, ebering_ghost_sewer_d
D:5:      layout_loops_cross, lightli_ossuary_entry_decrepit_ruins,
          gammafunk_ghost_mausoleum, uniq_menkaure, uniq_eustachio, uniq_duvessa
Temple:   nicolae_temple_bog_church

Skill      XL: |  1  2  3  4  5  6  7 |
---------------+----------------------+-----
Invocations    | 1 2 3 |  3.1
Short Blades   | 1 2 |  2.8
Long Blades    | 1 2 |  2.8
Maces & Flails | 1 2 |  2.8
Polearms       | 1 2 |  2.8
Staves         | 1 2 |  2.8
Ranged Weapons | 1 2 |  2.8
Throwing       | 1 2 |  2.8
Armour         | 1 2 |  2.8
Stealth        | 1 2 |  2.8
Shields        | 1 2 |  2.8
Unarmed Combat | 1 2 |  2.8
Spellcasting   | 1 2 |  2.8
Evocations     | 1 2 |  2.8
Shapeshifting  | 1 2 |  2.6
Conjurations   | 1 2 |  2.3
Hexes          | 1 2 |  2.3
Summonings     | 1 2 |  2.3
Necromancy     | 1 2 |  2.3
Translocations | 1 2 |  2.3
Fire Magic     | 1 2 |  2.3
Ice Magic      | 1 2 |  2.3
Air Magic      | 1 2 |  2.3
Earth Magic    | 1 2 |  2.3
Alchemy        | 1 2 |  2.3
Fighting       | 7 |  7.2
Axes           | 7 |  7.2
Dodging        | 7 |  7.2

Action                     |  1- 3 |  4- 6 |  7- 9 || total
---------------------------+-------+-------+-------++-------
  Melee: Hand axe          |    40 |    58 |       ||    98
         Bite              |     3 |    19 |     6 ||    28
         Mace              |       |    63 |    43 ||   106
         Unarmed           |       |     6 |       ||     6
         War axe           |       |       |     4 ||     4
    Use: Scroll            |       |     2 |       ||     2
         Potion            |       |       |     1 ||     1
 Armour: Leather armour    |     3 |       |       ||     3
         Chain mail        |    16 |   118 |    79 ||   213
  Dodge: Dodged            |    12 |    61 |    43 ||   116

Table legend: (Time is in decaauts)
 A = Elapsed time spent in this place.
 B = Non-inter-level travel time spent in this place.
 C = Inter-level travel time spent in this place.
 D = Time resting spent in this place.
 E = Time spent auto-exploring this place.
 F = Levels seen in this place.
 G = Mean time per level.
                   A        B        C        D        E       F      G
               +--------+--------+--------+--------+--------+-----+--------+
         Total |   4573 |   4573 |      0 |    860 |      0 |   6 |  762.2 |
       Dungeon |   4438 |   4438 |      0 |    860 |      0 |   5 |  887.6 |
        Temple |    134 |    134 |      0 |      0 |      0 |   1 |  134.0 |
               +--------+--------+--------+--------+--------+-----+--------+

Top non-repeatable levels by time:
     D:2: 1262 daAuts
     D:4: 1207 daAuts
     D:1: 1027 daAuts
     D:3: 880 daAuts
  Temple: 134 daAuts
     D:5: 62 daAuts
